AoeStats
← Andrez14

Arena

510014124Analyzed
3v3 RM · 2d ago on Sep 29, 2026· 75m 49s· 6 players
Game mode
Random Map
Map size
Normal (6 player)
Population
200
Speed
Normal
Resources
Standard
Victory
Conquest
Starting age
Dark Age
Ending age
Imperial Age
RankedLock teamsTeams togetherTeam positionsShared explorationLock speedFull tech treeHidden civsTurbo modeCheats
Victory
Defeat
🇻🇪 Bohemians · Venezuela
1064
+14
🇻🇪 Turks · Venezuela
1046
+14
🇻🇪 Teutons · Venezuela
800
+24
🇨🇱 Franks · Chile
1023
-18
🇨🇱 Khmer · Chile
1022
-18
🇨🇱 Romans · Chile
956
-16
Monty
9:48 Feudal Age
10:28 Double-Bit Axe
10:32 Horse Collar
11:34 Loom
18:34 Castle Age
23:52 Bow Saw
26:21 Imperial Age
24:43 Fletching
25:49 Murder Holes
27:16 Chemistry
26:16 Murder Holes
27:15 Pikeman
28:48 Squires
30:11 Conscription
30:57 Fervor
30:46 Bodkin Arrow
31:02 Forging
32:20 Wheelbarrow
31:46 Halberdier
33:54 Ballistics
33:55 Hand Cart
33:27 Town Watch
36:53 Scale Mail Armor
36:45 Arson
38:01 Heavy Plow
39:02 Two-Man Saw
39:38 Bracer
39:47 Siege Engineers
39:54 Masonry
39:50 Town Patrol
39:52 Sappers
41:34 Iron Casting
41:15 Chain Mail Armor
42:32 Houfnice
43:59 Plate Mail Armor
44:30 Blast Furnace
43:45 Fortified Wall
44:42 Architecture
52:46 Blast Furnace
65:13 Padded Archer Armor
65:20 Scale Barding Armor
65:30 Man-at-Arms
67:37 Bombard Tower
67:10 Guard Tower
67:27 Long Swordsman
71:26 Two-Handed Swordsman
72:21 Champion
M0NJE
3:57 Loom
11:01 Feudal Age
12:08 Town Watch
19:15 Castle Age
18:29 Man-at-Arms
21:02 Long Swordsman
23:41 Pikeman
29:24 Forging
30:36 Scale Mail Armor
35:17 Wheelbarrow
36:51 Gold Mining
39:54 Imperial Age
39:10 Gambesons
39:28 Squires
42:16 Iron Casting
42:34 Ballistics
43:14 Chemistry
43:16 Halberdier
44:53 Fletching
46:05 Blast Furnace
51:01 Bodkin Arrow
53:19 Double-Bit Axe
TipoSerio
3:28 Loom
10:27 Feudal Age
15:06 Castle Age
14:17 Double-Bit Axe
14:16 Horse Collar
18:35 Heavy Plow
20:15 Fletching
30:02 Bow Saw
31:13 Wheelbarrow
30:40 Gold Mining
30:44 Stone Mining
35:20 Imperial Age
34:59 Bodkin Arrow
37:30 Ballistics
37:06 Murder Holes
37:14 Bracer
37:46 Conscription
38:44 Bloodlines
37:56 Heavy Camel Rider
38:38 Husbandry
39:24 Scale Barding Armor
39:29 Forging
42:16 Iron Casting
41:41 Scale Mail Armor
42:13 Chain Barding Armor
43:18 Hand Cart
44:18 Blast Furnace
47:59 Plate Barding Armor
60:06 Two-Man Saw
61:33 Cavalier
Andrez14
7:04 Loom
9:26 Feudal Age
9:53 Double-Bit Axe
17:45 Castle Age
15:59 Gold Mining
19:47 Scale Barding Armor
19:56 Forging
19:46 Stone Mining
21:37 Wheelbarrow
25:02 Chain Barding Armor
27:17 Hand Cart
29:27 Bow Saw
31:14 Iron Casting
31:32 Husbandry
32:05 Town Watch
33:03 Gold Shaft Mining
36:31 Imperial Age
37:13 Town Patrol
37:14 Cavalier
38:34 Plate Barding Armor
39:59 Blast Furnace
38:52 Fletching
38:47 Treadmill Crane
40:08 Chemistry
41:16 Paladin
43:25 Conscription
47:00 Light Cavalry
48:52 Scale Mail Armor
50:40 Elite Throwing Axeman
53:15 Caravan
54:31 Chivalry
63:51 Fortified Wall
PalomaBesti
8:07 Feudal Age
8:39 Double-Bit Axe
8:35 Horse Collar
16:54 Castle Age
18:17 Bow Saw
19:05 Heavy Plow
22:09 Husbandry
23:04 Scale Barding Armor
23:23 Loom
24:44 Gold Mining
24:44 Stone Mining
28:31 Wheelbarrow
27:46 Town Watch
29:31 Chain Barding Armor
30:18 Bloodlines
30:18 Crossbowman
31:26 Tusk Swords
34:31 Imperial Age
33:04 Forging
34:33 Iron Casting
34:35 Arbalester
35:08 Fletching
35:54 Plate Barding Armor
36:13 Crop Rotation
36:25 Conscription
36:48 Ballistics
36:40 Bodkin Arrow
37:00 Light Cavalry
38:35 Bracer
38:36 Padded Archer Armor
39:31 Hand Cart
39:16 Town Patrol
39:15 Murder Holes
39:29 Hussar
40:48 Heavy Scorpion
42:54 Chemistry
45:32 Double Crossbow
49:35 Gold Shaft Mining
49:35 Stone Shaft Mining
52:29 Blast Furnace
54:55 Hoardings
54:59 Leather Archer Armor
56:22 Siege Engineers
56:45 Scale Mail Armor
57:16 Ring Archer Armor
60:18 Chain Mail Armor
59:56 Pikeman
60:22 Arson
61:17 Halberdier
63:09 Capped Ram
64:26 Siege Ram
Escobilla
11:09 Feudal Age
13:18 Double-Bit Axe
14:08 Stone Mining
17:11 Horse Collar
20:19 Castle Age
18:38 Gold Mining
18:39 Man-at-Arms
19:42 Scale Mail Armor
19:52 Forging
26:59 Loom
27:33 Long Swordsman
28:16 Squires
28:59 Heavy Plow
29:11 Bow Saw
31:39 Scale Barding Armor
41:53 Imperial Age
42:34 Gold Shaft Mining
43:42 Crop Rotation
43:46 Elite Centurion
45:10 Wheelbarrow
44:57 Heavy Scorpion
61:53 Chain Mail Armor
62:13 Iron Casting
61:59 Chain Barding Armor
62:23 Hand Cart
64:48 Blast Furnace
67:02 Pikeman
67:31 Legionary
71:21 Halberdier
Connection lost

Rejoining the realm…

Still unreachable

The connection could not be restored.

Session expired

The server has moved on; the page needs a fresh start.